 Dungeon Crawl Stone Soup version 0.28.0 (webtiles) character file.

Game seed: 1935922637457280482

60 SnakkuSnakku7 the Charlatan (level 3, 0/20 HPs)
             Began as a Deep Elf Artificer on Feb 16, 2022.
             Slain by an adder (2 damage)
             ... on level 2 of the Dungeon.
             The game lasted 00:02:26 (1830 turns).

SnakkuSnakku7 the Charlatan (Deep Elf Artificer)    Turns: 1830, Time: 00:02:26

Health: 0/20       AC:  3    Str: 11    XL:     3   Next: 80%
Magic:  5/5        EV: 12    Int: 15    God:
Gold:   70         SH:  0    Dex: 15    Spells: 2/2 levels left

rFire   . . .      SeeInvis .   a - +0 hunting sling
rCold   . . .      Faith    .   (no shield)
rNeg    . . .      Spirit   .   b - +0 leather armour
rPois   .          Reflect  .   (no helmet)
rElec   .          Harm     .   (no cloak)
rCorr   .          Rampage  .   (no gloves)
Will    .....                   (no boots)
Stlth   ++........              (no amulet)
HPRegen 0.06/turn               (no ring)
MPRegen 0.09/turn               (no ring)

@: lethally poisoned (0 -> -6)
A: no striking features
a: no special abilities


You were on level 2 of the Dungeon.
You visited 1 branch of the dungeon, and saw 3 of its levels.

You collected 70 gold pieces.

Inventory:

Hand Weapons
 a - a +0 hunting sling (weapon)
 i - a +0 club
Missiles
 f - 140 stones (quivered ammo)
 h - 32 arrows
Armour
 b - a +0 leather armour (worn)
Wands
 c - a wand of flame (11)
 d - a wand of charming (14)
Scrolls
 g - a scroll of amnesia {unknown}
 j - a scroll of noise {unknown}
 k - 2 scrolls of blinking {unknown}
 n - 2 scrolls of identify {unknown}
 o - a scroll of holy word {unknown}
 p - a scroll of fog {unknown}
Potions
 l - a potion of degeneration {unknown}
 m - a potion of curing {unknown}
 q - a potion of attraction {unknown}
Miscellaneous
 e - a piece from Xom's chessboard (15/15)


   Skills:
 - Level 0.7 Fighting
 + Level 2.8 Slings
 - Level 0.7 Armour
 - Level 2.4 Dodging
 - Level 1.2 Stealth
 - Level 3.3 Evocations


You had 2 spell levels left.
You didn't know any spells.
Your spell library was empty.

Dungeon Overview and Level Annotations

Branches:
Dungeon (3/15)

Altars:

Shops:
D:1 (


Message History

You shoot a stone. The stone hits the hobgoblin.
The hobgoblin is severely wounded.
The hobgoblin hits you.
You shoot a stone. The stone barely misses the hobgoblin.
The hobgoblin hits you. The adder bites you.
You are poisoned.
The adder poisons you!
Found a whip.
You hear the slow rusting of a very distant drain.
You feel sick.
Aiming: Charm
Press: ? - help, Shift-Dir - straight line, f/p - hobgoblin
Aim: a hobgoblin (severely wounded, chance to affect: 73%)
The hobgoblin is charmed.
You feel sick. The adder bites your hobgoblin.
Your hobgoblin dies!
Unknown command. 2 adders come into view.
You feel sick.
The adder hisses angrily.
You feel sick.
There is an escape hatch in the ceiling here.
You feel sick.
You are no longer poisoned.
The adder misses you. A mysterious force pulls you upwards.
The hatch slams shut behind you.
Aiming: Throw Flame
Press: ? - help, Shift-Dir - straight line, f - adder
Aim: an adder (53% to hit)
The puff of flame misses the adder.
The adder bites you.
* * * LOW HITPOINT WARNING * * *
You are lethally poisoned!
The adder poisons you!
Aiming: Throw Flame
Press: ? - help, Shift-Dir - straight line, f/p - adder
Aim: an adder (53% to hit)
The puff of flame misses the adder.
* * * LOW HITPOINT WARNING * * *
You feel sick. The adder bites you.
You die...

#........# #.#
#........ ##########
#.# #........ #.#
#####'### ###.# #....
#...# ##### #...# #
#...# # #########...# #
#.....@S....# #
#.#######...# # #.#
#...# # #.# #...# # #.#
#...# # #.# ##### #
#.#####################
#......................
#######################


You could see an adder.

Vanquished Creatures
  2 adders (D:2)
  6 endoplasms
  4 goblins (D:1)
  4 hobgoblins (D:1)
  3 jackals (D:2)
  4 quokkas
  2 ball pythons (D:2)
  5 bats
  A frilled lizard (D:2)
  4 kobolds
  3 rats
38 creatures vanquished.

Vanquished Creatures (others)
  A hobgoblin (D:3)
1 creature vanquished.

Grand Total: 39 creatures vanquished

Notes
Turn   | Place    | Note
-------+----------+-------------------------------------------
     0 | D:1      | SnakkuSnakku7 the Deep Elf Artificer began the quest for
                  | the Orb.
     0 | D:1      | Reached XP level 1. HP: 11/11 MP: 3/3
   146 | D:1      | Reached skill level 1 in Slings
   170 | D:1      | Reached XP level 2. HP: 6/16 MP: 4/4
   335 | D:1      | Found a faded altar of an unknown god.
   844 | D:1      | Found Ywaniose's Weapon Shop.
  1011 | D:2      | Reached XP level 3. HP: 17/20 MP: 5/5
  1830 | D:2      | Slain by an adder

Illustrated notes

Levels and vault maps discovered:
D:1:      dpeg_arrival_castle, layout_loops_ring, serial_shops, shop,
          shapermc_ecumenical_altar_ellora, hangedman_decor_clover_reticule
D:2:      layout_basic
D:3:      layout_basic, portal_sewer_entry_e, minmay_misc_feat_diagonals

Skill      XL: |  1  2 |
---------------+-------+-----
Slings         | 1 2 |  2.8
Fighting       | |  0.7
Armour         | |  0.7
Dodging        | |  2.4
Stealth        | |  1.2
Evocations     | |  3.3

Action                   || total
-------------------------++-------
Melee: Club              ||     6
 Fire: Hunting sling     ||   125
Evoke: Wand              ||     5
Armor: Leather armour    ||    13
Dodge: Dodged            ||    35
